 Dungeon Crawl Stone Soup version 0.18.1-50-g88ac8fd (webtiles) character file.

2219 Krapule the Insei (level 9, -20/47 HPs)
             Began as a Vine Stalker Monk on Oct 24, 2016.
             Was a Priest of Cheibriados.
             Demolished by a hill giant
             ... wielding a +0 giant spiked club
              (22 damage)
             ... on level 10 of the Dungeon.
             The game lasted 00:21:54 (5098 turns).

Krapule the Insei (Vine Stalker Monk)               Turns: 5098, Time: 00:21:55

Health: -20/47     AC: 10    Str: 22    XL:     9   Next: 35%
Magic:  0/12       EV: 15    Int: 18    God:    Cheibriados [***...]
Gold:   338        SH: 12    Dex: 33    Spells: 0 memorised, 8 levels left

rFire  . . .     SeeInvis .       - Unarmed
rCold  . . .     Gourm    .     d - +0 ring mail
rNeg   . . .     Faith    .     i - +0 shield
rPois  .         Spirit   +     u - +2 helmet
rElec  .         Dismiss  .     A - +0 cloak
rCorr  .         Reflect  .     t - +0 pair of gloves
SustAt .         Harm     .     (no boots)
MR     +....     Rnd*Tele +     (no amulet)
Stlth  ++++......               p - +5 ring of dexterity
                                D - ring of teleportation

@: very slow, somewhat resistant to hostile enchantments, stealthy
A: fangs 3, regeneration 2, magic shield, antimagic bite, no device heal 3, rot
immunity
a: Bend Time, Temporal Distortion, Renounce Religion


You were on level 10 of the Dungeon.
You worshipped Cheibriados.
Cheibriados was most pleased with you.
You were not hungry.

You visited 2 branches of the dungeon, and saw 9 of its levels.

You collected 338 gold pieces.

Inventory:

Armour
 d - a +0 ring mail (worn)
 i - a +0 shield (worn)
 t - a +0 pair of gloves (worn)
 u - a +2 helmet (worn)
 A - a +0 cloak (worn)
Jewellery
 e - an uncursed ring of fire
 p - a +5 ring of dexterity (right hand)
 w - an uncursed ring of sustain attributes
 D - a ring of teleportation (left hand)
 H - an uncursed ring of positive energy
 I - an uncursed ring of see invisible
 J - an uncursed amulet of guardian spirit {unknown}
Scrolls
 a - 2 scrolls of teleportation
 g - a scroll of identify {unknown}
 k - 3 scrolls of remove curse
 r - 2 scrolls of fear
 x - 2 scrolls of blinking {unknown}
 y - 2 scrolls of random uselessness {unknown}
 z - a scroll of enchant armour {unknown}
 C - 2 scrolls of immolation {unknown}
 E - 2 scrolls of amnesia {unknown}
 G - a scroll of noise {unknown}
Potions
 c - 3 potions of flight {unknown}
 f - 2 potions of brilliance {unknown}
 j - a potion of haste {unknown}
 l - 5 potions of curing {unknown}
 m - a potion of mutation {unknown}
 n - 2 potions of degeneration {unknown}
 s - 6 potions of lignification {unknown}
 v - 2 potions of heal wounds {unknown}
 F - a potion of might {unknown}
Comestibles
 b - 5 bread rations
 h - 4 beef jerkies
 o - a slice of pizza
 q - 4 fruits
 B - 2 meat rations
 K - a chunk of flesh


   Skills:
 + Level 5.1 Fighting
 - Level 1.0 Armour
 + Level 5.0 Dodging
 + Level 6.3 Stealth
 + Level 4.7 Shields
 * Level 7.0 Unarmed Combat
 + Level 2.9 Invocations


You had 8 spell levels left.
You didn't know any spells.

Dungeon Overview and Level Annotations

Branches:
Dungeon (7/15)             Temple (1/1) D:5

Altars:
Cheibriados
Dithmenos
Elyvilon
Gozag
Kikubaaqudgha
Makhleb
Nemelex Xobeh
Okawaru
Pakellas
Qazlal
Ru
Trog
Vehumet
Xom
Yredelemnul
Zin


Innate Abilities, Weirdness & Mutations

You have razor-sharp teeth.
You heal very quickly.
When hurt, damage is shared between your health and your magic reserves.
Your bite disrupts and absorbs the magic of your enemies.
Potions and wands cannot restore your health.
You are immune to rotting.


Message History

You feel invigorated.
The hill giant is severely wounded.
The hill giant hits you with a giant spiked club!
The shadow imp barely misses you.
You punch the hill giant! You bite the hill giant. You drain its power.
You feel invigorated.
The hill giant is almost dead.
The shadow imp barely misses you.
The hill giant hits you with a giant spiked club!!
* * * LOW HITPOINT WARNING * * *
You hit the hill giant. You bite the hill giant. You drain its power.
You feel invigorated.
The hill giant is almost dead.
The shadow imp gestures at you. Pain shoots through your body!
* * * LOW HITPOINT WARNING * * *
The hill giant closely misses you. The shadow imp closely misses you.
The hill giant hits you with a giant spiked club!!
You die...

h......# . #...#..
. ##..... ###.....#
..#.#...###########
..>.....##..!...@.#
........##......C5#
..................#
....#.............#
....######..$.....#
....# #........#
....# ##########
....# #####


You could see a hill giant and a shadow imp.

Vanquished Creatures
  Pikel (D:7)
  Eustachio (D:6)
  2 orc warriors (D:7)
  A slave (D:7)
  A phantom (D:7)
  2 centaurs
  3 giant frogs
  5 killer bees (D:7)
  A crimson imp (D:5)
  4 orc priests
  3 hounds
  2 giant frog skeletons
  Jessica (D:3)
  2 iguanas
  2 orc wizards
  6 worker ants
  A hound zombie (D:6)
  A hound skeleton (D:6)
  Robin (D:4)
  8 gnolls
  3 adders
  An ooze (D:1)
  2 worms (D:2)
  2 dart slugs
  7 giant geckos
  10 orcs
  4 giant cockroaches
  10 goblins
  4 hobgoblins
  7 jackals
  4 quokkas
  2 ball pythons
  5 bats
  8 giant newts
  A jackal skeleton (D:5)
  2 kobolds (D:2)
  A quokka zombie (D:5)
  6 rats
  2 rat zombies (D:2)
129 creatures vanquished.

Vanquished Creatures (others)
  2 orcs (D:7)
2 creatures vanquished.

Grand Total: 131 creatures vanquished

Notes
Turn   | Place    | Note
--------------------------------------------------------------
     0 | D:1      | Krapule the Vine Stalker Monk began the quest for the Orb.
     0 | D:1      | Reached XP level 1. HP: 11/11 MP: 2/2
   253 | D:1      | Reached XP level 2. HP: 5/16 MP: 0/3
   629 | D:1      | Reached XP level 3. HP: 20/20 MP: 4/4
   716 | D:2      | Found an ancient bone altar of Kikubaaqudgha.
   875 | D:2      | Found a sparkling altar of Nemelex Xobeh.
  1074 | D:2      | Noticed a moth of wrath
  1076 | D:2      | Found a bloodstained altar of Trog.
  1158 | D:2      | Reached skill level 1 in Armour
  1160 | D:2      | Found a basalt altar of Yredelemnul.
  1393 | D:3      | Noticed Jessica
  1394 | D:3      | Killed Jessica
  1394 | D:3      | Reached XP level 4. HP: 24/24 MP: 5/5
  1583 | D:3      | Reached skill level 1 in Shields
  1826 | D:4      | Reached XP level 5. HP: 15/28 MP: 4/6
  1949 | D:4      | Found Wud Goh's Assorted Antiques.
  2045 | D:4      | Noticed Robin
  2055 | D:4      | Killed Robin
  2354 | D:4      | Gained mutation: You heal very quickly. [Vine Stalker growth]
  2354 | D:4      | Reached XP level 6. HP: 32/32 MP: 7/7
  2625 | D:4      | Found an opulent altar of Gozag.
  2630 | D:4      | Found a shimmering altar of Xom.
  2636 | D:4      | Found a shadowy altar of Dithmenos.
  2682 | D:5      | Entered Level 5 of the Dungeon
  2727 | D:5      | Reached skill level 5 in Unarmed Combat
  2792 | D:5      | Reached XP level 7. HP: 16/37 MP: 4/8
  2886 | D:5      | Found a staircase to the Ecumenical Temple.
  3178 | Temple   | Entered the Ecumenical Temple
  3270 | Temple   | Became a worshipper of Cheibriados the Contemplative
  3270 | Temple   | Reached * piety under Cheibriados
  3270 | Temple   | Reached ** piety under Cheibriados
  3553 | D:6      | Noticed Eustachio
  3706 | D:5      | Reached skill level 5 in Stealth
  3781 | D:6      | Reached skill level 1 in Invocations
  3781 | D:6      | Gained mutation: You have razor-sharp teeth. [Vine Stalker growth]
  3781 | D:6      | Reached XP level 8. HP: 41/42 MP: 9/9
  4033 | D:6      | Found a glowing silver altar of Zin.
  4083 | D:6      | Found a sacrificial altar of Ru.
  4309 | D:6      | Killed Eustachio
  4309 | D:6      | Reached skill level 6 in Unarmed Combat
  4694 | D:7      | Reached *** piety under Cheibriados
  4780 | D:7      | Reached XP level 9. HP: 40/46 MP: 11/11
  4852 | D:7      | Found a stormy altar of Qazlal.
  4868 | D:7      | Noticed Pikel
  4887 | D:7      | Killed Pikel
  4887 | D:7      | Reached skill level 5 in Fighting
  4887 | D:7      | Reached skill level 5 in Dodging
  4887 | D:7      | Reached skill level 7 in Unarmed Combat
  5066 | D:7      | You fall through a shaft for 3 floors!
  5066 | D:10     | Entered Level 10 of the Dungeon
  5066 | D:10     | Noticed a hill giant
  5097 | D:10     | HP: 1/47 [shadow imp/nerve-wracking pain (2)]
  5098 | D:10     | Demolished by a hill giant

Skill      XL: |  1  2  3  4  5  6  7  8  9 |
---------------+----------------------------+-----
Fighting       | 3 4 5 |  5.1
Armour         | 1 |  1.0
Stealth        | 3 4 5 6 |  6.3
Shields        | 1 2 3 4 |  4.7
Dodging        | 3 4 5 |  5.0
Unarmed Combat | 5 6 7 |  7.0
Invocations    | 1 2 |  2.9

Action                   |  1- 3 |  4- 6 |  7- 9 || total
-------------------------+-------+-------+-------++-------
Melee: Unarmed           |   131 |   167 |   214 ||   512
       Bite              |    36 |    62 |   119 ||   217
       Punch             |     3 |     4 |       ||     7
  Use: Scroll            |       |       |     5 ||     5
 Stab: Sleeping          |     6 |     2 |     5 ||    13
  Eat: Chunk             |     1 |     5 |     5 ||    11
Armor: Ring mail         |    40 |    40 |    35 ||   115
       Robe              |     2 |       |       ||     2
Dodge: Dodged            |    69 |    71 |    83 ||   223
Block: Shield            |       |     8 |   107 ||   115
